 Dungeon Crawl Stone Soup version 0.28-a0-750-g7c675f85b1 (webtiles) character file.

Game seed: 509275222231627354

67 ytrimaz the Ducker (level 3, -1/28 HPs)
             Began as a Demonspawn Gladiator on Oct 30, 2021.
             Slain by an orc (5 damage)
             ... on level 3 of the Dungeon.
             The game lasted 00:03:04 (2430 turns).

ytrimaz the Ducker (Demonspawn Gladiator)           Turns: 2430, Time: 00:03:05

Health: -1/28      AC:  4    Str: 21    XL:     3   Next: 98%
Magic:  3/3        EV: 12    Int:  9    God:
Gold:   130        SH:  0    Dex: 14    Spells: 2/2 levels left

rFire   . . .      SeeInvis .   h - +2 dagger (drain)
rCold   . . .      Faith    .   (no shield)
rNeg    . . .      Spirit   .   b - +0 leather armour
rPois   .          Reflect  .   c - +0 helmet
rElec   .          Harm     .   (no cloak)
rCorr   .          Rampage  .   (no gloves)
Will    .....                   (no boots)
Stlth   +.........              (no amulet)
HPRegen 0.09/turn               f - +6 ring of strength
MPRegen 0.08/turn               (no ring)

@: no status effects
A: powered by death 1, powered by pain 1
a: no special abilities


You were on level 3 of the Dungeon.
You visited 1 branch of the dungeon, and saw 3 of its levels.

You collected 130 gold pieces.

Inventory:

Hand Weapons
 g - a +3 whip
 h - a +2 dagger of draining (weapon)
Missiles
 d - 3 throwing nets (quivered)
Armour
 b - a +0 leather armour (worn)
 c - a +0 helmet (worn)
Jewellery
 f - a +6 ring of strength (left hand)
 n - a ring of see invisible
Scrolls
 a - a scroll of teleportation
Potions
 e - a potion of magic {unknown}
 i - 2 potions of attraction {unknown}
 j - a potion of curing {unknown}
 k - 2 potions of lignification {unknown}
 l - a potion of cancellation {unknown}
 m - a potion of flight {unknown}


   Skills:
 * Level 2.7 Fighting
 - Level 2.6 Axes
 - Level 1.7 Throwing
 * Level 1.8 Armour
 + Level 3.4 Dodging


You had 2 spell levels left.
You didn't know any spells.
Your spell library contained the following spells:

 Spells                   Type           Power      Damage    Failure   Level
 Magic Dart               Conj           0%         1d3       43%         1
 Call Imp                 Summ           0%         N/A       56%         2
 Mephitic Cloud           Conj/Pois/Air  0%         N/A       80%         3


Dungeon Overview and Level Annotations

Branches:
Dungeon (3/15)

Altars:
Gozag
Trog

Shops:
D:2 =

Annotations:
D:3 3 runed translucent doors, bande's ghost, amateur GrFi


Innate Abilities, Weirdness & Mutations

You regenerate a little health from kills.
You sometimes gain a little power by taking damage.


Message History

The orc is severely wounded.
The orc barely misses you.
You barely miss the orc.
The orc is severely wounded.
The orc closely misses you.
You barely miss the orc.
The orc is severely wounded.
The orc hits you with a +0 whip.
You hit the orc.
The orc is severely wounded.
The orc barely misses you.
You closely miss the orc.
The orc is severely wounded.
The orc misses you.
You hit the orc.
You kill the orc!
You barely miss the orc. The orc barely misses you.
You barely miss the orc. The orc misses you.
Unknown command.
You closely miss the orc. The orc hits you with a +0 whip.
You puncture the orc!
You kill the orc!
You hit the orc but do no damage. You drain the orc.
The orc is moderately wounded.
The orc misses you.
Unknown command.
You hit the orc.
The orc is almost dead.
The orc closely misses you.
You hit the orc but do no damage.
The orc is almost dead.
The orc hits you with a +0 war axe!
* * * LOW HITPOINT WARNING * * *
You hit the orc but do no damage.
The orc is almost dead.
The orc hits you but does no damage.
You barely miss the orc.
The orc is almost dead.
The orc hits you with a +0 war axe.
You die...

### #....# ..# #....#
..######################....#####
..'..............................
..##############.#####........###
>.'..................'........#
..##############.#####........#
..# #.# #........# ..# #@#
#.......... ### #o# #..........
#######)## #...>.......
......)..# #...........
#........# ####....... #........#
....... ########## ####.......
#.......... #.......###


You could see an orc (drained).

Vanquished Creatures
  4 worms
  A dart slug (D:2)
  4 orcs (D:3)
  5 ball pythons
  3 endoplasms
  A giant cockroach (D:2)
  3 goblins
  4 hobgoblins
  3 jackals (D:2)
  6 kobolds
  2 quokkas
  4 bats (D:2)
  2 frilled lizards
  5 rats
47 creatures vanquished.

Notes
Turn   | Place    | Note
-------+----------+-------------------------------------------
     0 | D:1      | ytrimaz the Demonspawn Gladiator began the quest for the
                  | Orb.
     0 | D:1      | Reached XP level 1. HP: 16/16 MP: 1/1
    62 | D:1      | Found a faded altar of an unknown god.
   536 | D:1      | Reached skill level 3 in Dodging
   536 | D:1      | Gained mutation: You regenerate a little health from kills.
                  | [demonic ancestry]
   536 | D:1      | Reached XP level 2. HP: 16/22 MP: 2/2
  1044 | D:2      | Found Zalekokk's Jewellery Shoppe.
  1069 | D:2      | Reached skill level 1 in Armour
  1347 | D:2      | Gained mutation: You sometimes gain a little power by
                  | taking damage. [demonic ancestry]
  1347 | D:2      | Reached XP level 3. HP: 28/28 MP: 3/3
  1425 | D:2      | Found a bloodstained altar of Trog.
  2296 | D:3      | Found a runed translucent gate.
  2296 | D:3      | Found a runed translucent gate.
  2296 | D:3      | Found a runed translucent gate.
  2298 | D:3      | Found an opulent altar of Gozag.
  2302 | D:3      | Noticed bande's ghost (amateur GrFi)
  2430 | D:3      | Slain by an orc

Illustrated notes

Levels and vault maps discovered:
D:1:      amcnicky_arrival_double_pillar, layout_basic,
          shapermc_ecumenical_altar_hornbeckon
D:2:      minmay_alternating_diamond, layout_loops_ring, basic_altar,
          serial_shops, shop_fountains
D:3:      layout_basic, ebering_ghost_gozag

Skill      XL: |  1  2 |
---------------+-------+-----
Dodging        | 3 |  3.4
Armour         | 1 |  1.8
Fighting       | |  2.7
Axes           | |  2.6
Throwing       | |  1.7

Action                   || total
-------------------------++-------
Melee: Whip              ||    26
       War axe           ||    10
       Dagger            ||    92
  Use: Scroll            ||     2
 Stab: Sleeping          ||     1
Armor: Leather armour    ||    41
Dodge: Dodged            ||   101

Table legend: (Time is in decaauts)
 A = Elapsed time spent in this place.
 B = Non-inter-level travel time spent in this place.
 C = Inter-level travel time spent in this place.
 D = Time resting spent in this place.
 E = Time spent auto-exploring this place.
 F = Levels seen in this place.
 G = Mean time per level.
                   A        B        C        D        E       F      G
               +--------+--------+--------+--------+--------+-----+--------+
         Total |   2439 |   2383 |     56 |      0 |   1989 |   3 |  813.0 |
       Dungeon |   2439 |   2383 |     56 |      0 |   1989 |   3 |  813.0 |
               +--------+--------+--------+--------+--------+-----+--------+

Top non-repeatable levels by time:
     D:1: 1051 daAuts
     D:2: 897 daAuts
     D:3: 489 daAuts
